 Dungeon Crawl Stone Soup version 0.28-a0-792-g75f770b (webtiles) character file.

Game seed: 5308762542834409240

1480 Sixotanaka the Frost Mage (level 8, -8/52 HPs)
             Began as a Merfolk Ice Elementalist on Nov 3, 2021.
             Mangled by a two-headed ogre (17 damage)
             ... on level 6 of the Dungeon.
             The game lasted 00:18:04 (7718 turns).

Sixotanaka the Frost Mage (MfIE)                    Turns: 7718, Time: 00:18:04

Health: -8/52      AC:  9    Str: 14    XL:     8   Next: 79%
Magic:  0/11       EV: 12    Int: 16    God:
Gold:   119        SH:  0    Dex: 15    Spells: 4/11 levels left

rFire   . . .      SeeInvis .   p - +1 trident
rCold   . . .      Faith    .   (no shield)
rNeg    . . .      Spirit   .   t - +0 leather armour
rPois   .          Reflect  .   (no helmet)
rElec   .          Harm     .   l - +0 cloak
rCorr   .          Rampage  .   (no gloves)
Will    .....                   (no boots)
Stlth   ++........              (no amulet)
HPRegen 0.17/turn               j - +6 ring of strength
MPRegen 0.12/turn               (no ring)

@: ice-armoured
A: (nimble swimmer 2), mertail
a: no special abilities


You were on level 6 of the Dungeon.
You visited 1 branch of the dungeon, and saw 7 of its levels.

You collected 229 gold pieces.
You spent 110 gold pieces at shops.

Inventory:

Hand Weapons
 p - a +1 trident (weapon)
Armour
 h - a +0 buckler
 l - a +0 cloak (worn)
 t - a +0 leather armour (worn)
Jewellery
 j - a +6 ring of strength (left hand)
Wands
 x - a wand of digging (9)
Scrolls
 a - a scroll of torment {unknown}
 b - a scroll of fear {unknown}
 c - 2 scrolls of teleportation
 d - 2 scrolls of enchant weapon
 f - a scroll of amnesia
 g - a scroll of blinking {unknown}
 o - a scroll of fog {unknown}
 r - a scroll of noise {unknown}
 s - 2 scrolls of enchant armour
Potions
 e - 4 potions of curing
 k - a potion of heal wounds {unknown}
 m - a potion of ambrosia {unknown}
 n - a potion of magic {unknown}
 q - a potion of lignification {unknown}
 u - a potion of cancellation {unknown}
 v - 2 potions of flight
 w - a potion of haste


   Skills:
 + Level 9.7 Polearms
 - Level 2.6 Dodging
 - Level 2.1 Stealth
 - Level 2.0 Spellcasting
 + Level 9.9 Ice Magic


You had 4 spell levels left.
You knew the following spells:

 Your Spells              Type           Power      Damage    Failure   Level
a - Freeze                Ice            100%       1d11      1%          1
b - Frozen Ramparts       Ice            66%        1d8       1%          3
c - Ozocubu's Armour      Ice            33%        N/A       1%          3

Your spell library contained the following spells:

 Spells                   Type           Power      Damage    Failure   Level
 Magic Dart               Conj           4%         1d3       26%         1
 Hailstorm                Conj/Ice       17%        3d6       34%         4
 Ice Form                 Ice/Tmut       17%        N/A       34%         4
 Summon Ice Beast         Ice/Summ       17%        N/A       34%         4
 Blink                    Tloc           2%         N/A       36%         2
 Scorch                   Fire           2%         2d5       36%         2
 Searing Ray              Conj           2%         2d4       36%         2
 Lesser Beckoning         Tloc           1%         N/A       61%         3
 Flame Wave               Conj/Fire      1%         3d3       95%         4
 Fulminant Prism          Conj/Hex       0%         3d6       95%         4
 Manifold Assault         Tloc           1%         N/A       100%        5
 Summon Cactus Giant      Summ           0%         N/A       100%        6


Dungeon Overview and Level Annotations

Branches:
Dungeon (7/15)
 Temple: D:4-7

Altars:
Dithmenos
Fedhas
Uskayaw
Wu Jian
Xom
The Shining One

Shops:
D:5 !

Annotations:
D:4 2 transporters, exclusion: door, Mulebot's ghost, amateur HOFi


Innate Abilities, Weirdness & Mutations

((You are quick and stealthy near water. (Stealth+, EV+, Speed+++)))
Your lower body shifts to a powerful aquatic tail in water.


Message History

You freeze the two-headed ogre!
The two-headed ogre is heavily wounded.
The wall freezes the two-headed ogre!
The two-headed ogre closely misses you.
The two-headed ogre hits you with a +0 giant spiked club!
Casting: Freeze (safe; 1% risk of failure)
Confirm with . or Enter, or press ? or * to list all spells.
Aiming: Freeze (safe; 1% risk of failure)
Press: ? - help, Shift-Dir - straight line, f/p - two-headed ogre
Aim: a two-headed ogre, wielding a +0 giant club and a +0 giant spiked club (heavily wounded)
You freeze the two-headed ogre.
The two-headed ogre is severely wounded.
The wall freezes the two-headed ogre!
The two-headed ogre hits you with a +0 giant club!
The two-headed ogre hits you with a +0 giant spiked club!
* * * LOW HITPOINT WARNING * * *
Casting: Freeze (safe; 1% risk of failure)
Confirm with . or Enter, or press ? or * to list all spells.
Aiming: Freeze (safe; 1% risk of failure)
Press: ? - help, Shift-Dir - straight line, f/p - two-headed ogre
Aim: a two-headed ogre, wielding a +0 giant club and a +0 giant spiked club (severely wounded)
You freeze the two-headed ogre.
The two-headed ogre is severely wounded.
The frozen ramparts melt away.
The two-headed ogre barely misses you.
The two-headed ogre hits you with a +0 giant spiked club.
* * * LOW HITPOINT WARNING * * *
You are too injured to fight recklessly!
You hit the two-headed ogre.
The two-headed ogre is severely wounded.
Casting: Freeze (safe; 1% risk of failure)
Confirm with . or Enter, or press ? or * to list all spells.
Aiming: Freeze (safe; 1% risk of failure)
Press: ? - help, Shift-Dir - straight line, f/p - two-headed ogre
Aim: a two-headed ogre, wielding a +0 giant club and a +0 giant spiked club (severely wounded)
You freeze the two-headed ogre!
The two-headed ogre is almost dead.
The two-headed ogre closely misses you. The two-headed ogre misses you.
You hit the two-headed ogre.
The two-headed ogre is almost dead.
The two-headed ogre hits you with a +0 giant club!
You die...

.# ######. #.# #. ..#####
## ######.......
#............ #.####..O....
#.# ....... #O# ....... #@#
.......
################'###
.......
#.......#..........#
(..$...
#.......#..........#
#######
#.......#..........#
#.......#..........# ######
#.......#..........# #....#
#.......#..........# #.##.#
#.......#..........###.##.#


You could see a two-headed ogre.

Vanquished Creatures
  A yak (D:5)
  Duvessa (D:5)
  3 ogres
  A centaur (D:6)
  A phantom (D:4)
  A bullfrog (D:4)
  A scorpion (D:4)
  A wyvern skeleton (D:6)
  A water moccasin skeleton (D:4)
  Dowan (D:5)
  A howler monkey (D:5)
  A bullfrog zombie (D:5)
  4 hounds
  An orc priest (D:6)
  An orc wizard (D:4)
  Ijyb (D:5)
  3 iguanas
  A howler monkey zombie (D:6)
  7 adders
  3 gnolls (D:4)
  2 ufetubi (D:4)
  4 adder skeletons
  3 worms
  A dart slug (D:1)
  4 orcs
  7 endoplasms
  4 giant cockroaches
  9 goblins
  5 hobgoblins
  4 kobolds
  4 quokkas
  7 ball pythons
  5 bats
  2 frilled lizards
  4 rats
100 creatures vanquished.

Notes
Turn   | Place    | Note
-------+----------+-------------------------------------------
     0 | D:1      | Sixotanaka the Merfolk Ice Elementalist began the quest for
                  | the Orb.
     0 | D:1      | Reached XP level 1. HP: 13/13 MP: 3/3
   253 | D:1      | Reached XP level 2. HP: 16/19 MP: 1/5
   458 | D:1      | Reached skill level 5 in Ice Magic
   843 | D:2      | Reached XP level 3. HP: 24/24 MP: 2/6
  1179 | D:2      | Reached XP level 4. HP: 22/30 MP: 3/7
  1408 | D:2      | Found a blossoming altar of Fedhas.
  1921 | D:3      | Learned a level 3 spell: Frozen Ramparts
  1925 | D:3      | Learned a level 3 spell: Ozocubu's Armour
  2431 | D:4      | Reached skill level 1 in Polearms
  2461 | D:4      | Reached XP level 5. HP: 22/35 MP: 1/8
  2740 | D:4      | Found a transporter.
  2743 | D:4      | Noticed Mulebot's ghost (amateur HOFi)
  2753 | D:4      | Found a transporter.
  3008 | D:4      | Reached XP level 6. HP: 24/41 MP: 4/9
  3553 | D:4      | Noticed an ice beast
  3595 | D:4      | Reached skill level 5 in Polearms
  3680 | D:4      | Identified the +5 war axe of Sin {vorpal, rCorr Int+4
                  | Stlth+}
  3916 | D:4      | Reached XP level 7. HP: 46/46 MP: 2/10
  4324 | D:5      | Entered Level 5 of the Dungeon
  4397 | D:5      | Found a shimmering altar of Xom.
  4433 | D:5      | Noticed Dowan
  4468 | D:5      | Killed Dowan
  4563 | D:5      | Noticed Duvessa
  4623 | D:5      | Killed Duvessa
  5118 | D:5      | Found Jazuaxto's Distillery.
  5125 | D:5      | Bought a potion of haste for 110 gold pieces
  5153 | D:5      | Found a shadowy altar of Dithmenos.
  5157 | D:5      | Found a glowing golden altar of the Shining One.
  5207 | D:5      | Reached XP level 8. HP: 52/52 MP: 3/11
  5208 | D:5      | Noticed Ijyb
  5214 | D:5      | Killed Ijyb
  5942 | D:5      | Found a hide-covered altar of Uskayaw.
  5942 | D:5      | Found an ornate altar of the Wu Jian Council.
  6281 | D:6      | Noticed a cyclops
  6854 | D:6      | Noticed a two-headed ogre
  7431 | D:6      | Noticed a yak
  7431 | D:6      | Noticed a yak
  7431 | D:6      | Noticed a yak
  7432 | D:6      | Noticed a yak
  7439 | D:6      | Noticed a yak
  7452 | D:5      | Killed a yak
  7718 | D:6      | Mangled by a two-headed ogre

Illustrated notes

Levels and vault maps discovered:
D:1:      minmay_arrival_four_loops, layout_rooms, st_stairs_9,
          minmay_statues_item
D:2:      layout_basic, basic_altar, minmay_fractal_squares_5
D:3:      layout_loops_ring, nrook_mini_backslash
D:4:      minmay_razor_zed, layout_basic, gammafunk_ghost_stat_death,
          nrook_campfire
D:5:      layout_layer_cave, mainiacjoe_overflow_concentric_impassable,
          nicolae_overflow_hidden_temple, minmay_shop_grid_forest, uniq_duvessa,
          uniq_ijyb
D:6:      layout_basic, minmay_misc_feat_ornament
D:7:      layout_loops_cross, mainiacjoe_overflow_surrounded_room,
          minmay_temple_entry_mist, serial_shops, shop, shop, shop

Skill      XL: |  1  2  3  4  5  6  7  8 |
---------------+-------------------------+-----
Ice Magic      | 5 6 7 8 9 |  9.9
Polearms       | 2 3 5 7 9 |  9.7
Dodging        | |  2.6
Stealth        | |  2.1
Spellcasting   | |  2.0

Action                   |  1- 3 |  4- 6 |  7- 9 || total
-------------------------+-------+-------+-------++-------
Melee: Short sword       |     8 |       |       ||     8
       Spear             |     9 |    72 |    45 ||   126
       Trident           |       |       |    87 ||    87
       Tailslap          |       |       |     1 ||     1
 Cast: Freeze            |    41 |    42 |    29 ||   112
       Frozen Ramparts   |       |    14 |    19 ||    33
       Ozocubu's Armour  |       |     7 |    17 ||    24
  Use: Potion            |     1 |       |     3 ||     4
       Scroll            |       |       |     6 ||     6
 Stab: Sleeping          |     7 |     4 |       ||    11
       Distracted        |       |     1 |       ||     1
Armor: Robe              |     7 |    19 |    12 ||    38
       Leather armour    |       |       |    13 ||    13
Dodge: Dodged            |    22 |    44 |    66 ||   132

Table legend: (Time is in decaauts)
 A = Elapsed time spent in this place.
 B = Non-inter-level travel time spent in this place.
 C = Inter-level travel time spent in this place.
 D = Time resting spent in this place.
 E = Time spent auto-exploring this place.
 F = Levels seen in this place.
 G = Mean time per level.
                   A        B        C        D        E       F      G
               +--------+--------+--------+--------+--------+-----+--------+
         Total |   7690 |   7521 |    169 |   2801 |   2518 |   7 | 1098.6 |
       Dungeon |   7690 |   7521 |    169 |   2801 |   2518 |   7 | 1098.6 |
               +--------+--------+--------+--------+--------+-----+--------+

Top non-repeatable levels by time:
     D:5: 2292 daAuts
     D:4: 1890 daAuts
     D:6: 1078 daAuts
     D:2: 1027 daAuts
     D:3: 728 daAuts
     D:1: 670 daAuts
     D:7: 1 daAuts
